 Dungeon Crawl Stone Soup version 0.16-a0-3566-ge6f527a (webtiles) character file.

22196 superterranean the Grappler (level 12, -7/134 HPs)
             Began as a Troll Monk on Jan 13, 2015.
             Was a High Priest of Cheibriados.
             Hit by a large rock thrown by a cyclops (32 damage)
             ... on level 4 of the Orcish Mines.
             The game lasted 00:45:33 (12223 turns).

superterranean the Grappler (Troll Monk)           Turns: 12223, Time: 00:45:33

Health: -7/134     AC: 15    Str: 34    XL:     12   Next: 60%
Magic:  11/16      EV: 16    Int: 23    God:    Cheibriados [*****.]
Gold:   836        SH:  0    Dex: 31    Spells: 0 memorised, 11 levels left

rFire  + + .     SeeInvis .       - Unarmed
rCold  x . .     Clarity  .     S - +0 fire dragon armour
rNeg   . . .     SustAb   .     (shield restricted)
rPois  .         Gourm    +     t - +2 hat
rElec  .         Spirit   .     (no cloak)
rCorr  .         Warding  .     (gloves unavailable)
rMut   .         Stasis   .     (boots unavailable)
MR     .....                    J - amulet of faith
Stlth  ++........               O - -2 ring of strength (curse)
                                I - ring of stealth

@: very slow, not resistant to hostile enchantments, unstealthy
A: unfitting armour, claws 3, agile 2, fast metabolism 3, gourmand, low mp 2,
regeneration 2, robust 1, shaggy fur 1, tough skin 2, wild magic 1, no device
heal 1
a: Bend Time, Temporal Distortion, Slouch, Step From Time, Renounce Religion


You were on level 4 of the Orcish Mines.
You worshipped Cheibriados.
Cheibriados was extremely pleased with you.
You were full.

You visited 3 branches of the dungeon, and saw 16 of its levels.
You also visited: Sewer and Volcano.

You collected 1245 gold pieces.
You spent 409 gold pieces at shops.

Inventory:

Hand weapons
 l - a +2 long sword of flaming
Armour
 t - a +2 hat (worn)
 S - a +0 fire dragon armour (worn)
Jewellery
 H - an uncursed ring of wizardry
 I - a ring of stealth (left claw)
 J - an amulet of faith (around neck)
 O - a cursed -2 ring of strength (right claw)
 U - an uncursed amulet of regeneration {unknown}
 Z - an uncursed ring of protection from cold {unknown}
Magical devices
 g - a wand of draining (0)
 y - a wand of polymorph (15)
 A - a wand of magic darts (17)
 P - a wand of digging (9)
 R - a wand of draining (2)
 V - a wand of lightning (6)
Scrolls
 a - 3 scrolls of identify
 d - 2 scrolls of recharging {unknown}
 e - 3 scrolls of enchant weapon
 f - 6 scrolls of remove curse
 h - 2 scrolls of fog
 k - 4 scrolls of fear
 p - a scroll of noise
 v - 7 scrolls of teleportation
 z - a scroll of blinking
 L - a scroll of summoning {unknown}
 T - 2 scrolls of immolation {unknown}
Potions
 c - a potion of cure mutation {unknown}
 j - 3 potions of curing
 n - 3 potions of agility
 q - a potion of ambrosia {unknown}
 r - 2 potions of magic
 u - 4 potions of berserk rage {unknown}
 w - a potion of flight
 x - 2 potions of heal wounds
 C - 2 potions of might {unknown}
 E - 3 potions of lignification
 F - 2 potions of resistance
 G - 2 potions of cancellation {unknown}
 M - a potion of invisibility {unknown}
 N - 4 potions of brilliance
 Q - 2 potions of haste {unknown}
 X - a potion of poison {unknown}
Books
 s - a book of the Warp

   Spells                             Type                      Level
   a - Recall                         Summoning/Translocation      3
   b - Control Teleport               Charms/Translocation         4
   c - Force Lance                    Conjuration/Translocation    4
   d - Phase Shift                    Translocation                5
   e - Warp Weapon                    Charms/Translocation         5
   f - Summon Forest                  Summoning/Translocation      5
   g - Gell's Gravitas                Hexes/Translocation          6
 W - a book of Dreams

   Spells                             Type                      Level
   a - Ensorcelled Hibernation        Hexes/Ice                    2
   b - Flight                         Charms/Air                   3
   c - Phase Shift                    Translocation                5
   d - Shadow Creatures               Summoning                    5
   e - Mass Confusion                 Hexes                        6
   f - Darkness                       Hexes                        7
Comestibles
 b - 10 meat rations
 i - 3 beef jerkies
 m - a royal jelly
 o - 7 bread rations
 D - 9 slices of pizza
 K - 21 fruits


   Skills:
 - Level 8.4 Fighting
 - Level 6.0 Armour
 - Level 7.1 Dodging
 - Level 1.1 Stealth
 + Level 12.8 Unarmed Combat
 - Level 9.0 Invocations


You had 11 spell levels left.
You didn't know any spells.

Dungeon Overview and Level Annotations

Branches:
Dungeon (11/15)            Temple (1/1) D:6            Lair (0/8) D:11
    Orc (4/4) D:11            Elf (0/3) Orc:4

Altars:
Ashenzari
Cheibriados
Dithmenos
Elyvilon
Fedhas
Gozag
Kikubaaqudgha
Makhleb
Nemelex Xobeh
Okawaru
Qazlal
Ru
Sif Muna
Trog
Vehumet
Xom
Yredelemnul
Zin
The Shining One
Beogh

Shops:
D:5 *   Orc:3 ?

Portals:
Ice
Cave: Orc:4

Annotations:
D:5 Prince Ribbit


Innate Abilities, Weirdness & Mutations

You are too large for most types of armour.
You have claws for hands.
Your metabolism is lightning-fast.
You like to eat raw meat.
You heal very quickly.
You are covered in fur (AC +1).
You have very tough skin (AC +2).
You are very agile. (Dex +4)
Your magical capacity is very low (-20% MP).
You are robust (+10% HP).
Your spells are a little harder to cast, but a little more powerful.
Potions and wands are less effective at restoring your health.


Message History

The orc priest is severely wounded.
The orc priest hits you but does no damage.
The orc misses you.
You mangle the orc priest!!
You kill the orc priest!
Cheibriados appreciates the change of pace.
You eviscerate the orc!!!
You kill the orc!
Cheibriados appreciates the change of pace.
A cyclops comes into view.
The cyclops shouts!
The cyclops throws a large rock.
The large rock hits you!
* * * LOW HITPOINT WARNING * * *
You see here a large rock.
The cyclops throws a large rock.
The large rock barely misses you. The ogre closely misses you.
The ogre hits you with a giant club!
* * * LOW HITPOINT WARNING * * *
The cyclops throws a large rock.
The large rock hits you!!
You die...

**,,,,,,......##
##...)....### **,,,,........#
###...[......# **,,.....)...#
#...).).)....#*
***.($).....####)).).......##
*..(...T.C...)))...........
***#.$..)....).............
#...)))...().....##.$..$
##..))†.O.÷...#.##,##.$.
#$..).@.(÷....##***,...
##...)()...).## *,,..
##.....))).## *,,..
###.÷...).# ***,, #.$.)##.##
**,, #...##### *,,, ##.#.*
**,* ##### ***


You could see a cyclops, a troll and an ogre.

Vanquished Creatures
  Snorg (Orc:3)
  A hydra (D:9)
  Urug (Orc:1)
  An orc high priest (Orc:4)
  A deep elf knight (Volcano)
  2 deep trolls (Orc:4)
  2 hill giants
  Erolcha (Orc:1)
  An orc knight (Orc:1)
  Pikel (D:9)
  3 ugly things (D:11)
  2 cyclopes
  Psyche (Orc:1)
  2 gargoyles
  4 deep elf priests (Volcano)
  5 trolls
  A two-headed ogre (Orc:4)
  2 deep elf magi
  A hungry ghost (D:10)
  2 yaks (D:9)
  A wyvern (D:8)
  2 deep elf fighters (Volcano)
  2 wargs
  Edmund (D:7)
  A steam dragon (D:3)
  2 ice beasts
  2 sky beasts
  20 orc warriors
  A phantom (D:6)
  A wasp (D:9)
  17 ogres
  A centaur (D:9)
  An eye of draining (D:10)
  A necrophage (D:10)
  Duvessa (D:7)
  13 big kobolds
  A brain worm (D:11)
  A giant frog (D:7)
  3 scorpions
  4 killer bees (D:10)
  2 goliath beetles
  4 crimson imps
  2 centaur skeletons
  Dowan (D:7)
  A wasp zombie (D:11)
  22 orc priests
  3 jellies (D:10)
  A giant frog skeleton (D:7)
  A centaur zombie (D:8)
  5 hounds
  34 orc wizards
  8 worker ants
  3 iguanas
  2 sheep (D:9)
  2 killer bee zombies
  A hound skeleton (D:11)
  3 river rats (Sewer)
  17 adders
  4 gnolls (D:5)
  4 shadow imps
  4 giant mites
  5 worms
  An adder zombie (D:7)
  2 adder skeletons
  7 giant geckos
  An ooze (Sewer)
  197 orcs
  5 giant cockroaches
  14 hobgoblins
  10 jackals
  28 kobolds
  5 quokkas
  5 ball pythons
  8 bats
  A giant gecko skeleton (D:5)
  4 giant newts
  15 goblins
  25 rats
568 creatures vanquished.

Vanquished Creatures (others)
  A centaur (D:9)
  A bat (D:9)
  A rat (D:9)
3 creatures vanquished.

Grand Total: 571 creatures vanquished

Notes
Turn   | Place    | Note
--------------------------------------------------------------
     0 | D:1      | superterranean, the Troll Monk, began the quest for the Orb.
     0 | D:1      | Reached XP level 1. HP: 22/22 MP: 1/1
   103 | D:1      | Reached XP level 2. HP: 25/29 MP: 1/1
   835 | D:2      | Reached skill level 5 in Unarmed Combat
   872 | D:2      | Reached XP level 3. HP: 36/36 MP: 2/2
  1473 | D:3      | Reached XP level 4. HP: 20/44 MP: 2/2
  1709 | D:3      | Found a glowing drain.
  1728 | Sewer    | Entered a sewer
  1800 | Sewer    | Reached XP level 5. HP: 44/50 MP: 2/2
  2062 | Sewer    | Noticed a big kobold
  2074 | Sewer    | Killed a big kobold
  2162 | D:3      | Found a stormy altar of Qazlal.
  2425 | D:3      | Reached XP level 6. HP: 59/59 MP: 3/3
  2442 | D:3      | Noticed a steam dragon
  2461 | D:3      | Killed a steam dragon
  2461 | D:3      | Reached skill level 5 in Dodging
  3100 | D:4      | Reached XP level 7. HP: 64/66 MP: 3/3
  3281 | D:5      | Entered Level 5 of the Dungeon
  3300 | D:5      | Reached skill level 6 in Dodging
  3391 | D:5      | Found Twuanor's Assorted Antiques.
  3400 | D:5      | Bought a murky grey potion for 27 gold pieces
  3400 | D:5      | Bought a scroll labeled BLAGROS SHAE for 31 gold pieces
  3657 | D:5      | Noticed Prince Ribbit
  4017 | D:5      | Reached skill level 7 in Dodging
  4458 | D:6      | Reached XP level 8. HP: 72/74 MP: 3/3
  4686 | D:6      | Found a staircase to the Ecumenical Temple.
  4764 | Temple   | Entered the Ecumenical Temple
  4863 | Temple   | Became a worshipper of Cheibriados the Contemplative
  5449 | D:7      | Noticed Edmund
  5462 | D:7      | Killed Edmund
  5462 | D:7      | Reached skill level 8 in Unarmed Combat
  5493 | D:7      | Gained mutation: Your magical capacity is low (-10% MP). [mutagenic meat]
  5494 | D:7      | Gained mutation: Your spells are a little harder to cast, but a little more powerful. [mutagenic meat]
  5495 | D:7      | Gained mutation: You are agile. (Dex +2) [mutagenic meat]
  5754 | D:7      | Reached skill level 9 in Unarmed Combat
  5788 | D:7      | Acquired Cheibriados' first power
  5989 | D:7      | Noticed Dowan
  5990 | D:7      | Noticed Duvessa
  5998 | D:7      | Killed Dowan
  6009 | D:7      | Killed Duvessa
  6009 | D:7      | Reached XP level 9. HP: 65/80 MP: 3/3
  6319 | D:8      | thanks floorgod
  6365 | D:8      | Reached skill level 10 in Unarmed Combat
  6547 | D:8      | Acquired Cheibriados' second power
  6616 | D:8      | Reached skill level 1 in Armour
  6799 | D:8      | Acquired Cheibriados' third power
  6879 | D:9      | Noticed Pikel
  6900 | D:9      | Killed Pikel
  6900 | D:9      | Reached skill level 5 in Armour
  6918 | D:9      | Reached XP level 10. HP: 80/88 MP: 3/3
  6939 | D:9      | Gained mutation: Your magical capacity is very low (-20% MP). [mutagenic meat]
  6964 | D:9      | Reached skill level 1 in Invocations
  7005 | D:9      | Noticed a three-headed hydra
  7018 | D:9      | Killed a one-headed hydra
  7267 | D:9      | Reached skill level 5 in Invocations
  7457 | D:9      | Got a steaming glaive
  7458 | D:9      | Identified the +3 glaive "Khidaat" {flame, MR+ Str-2 Dex-1 Stlth+} (You found it on level 9 of the Dungeon)
  7471 | D:10     | Entered Level 10 of the Dungeon
  8143 | D:10     | Noticed a cyclops
  8149 | D:10     | Killed a cyclops
  8838 | D:11     | Noticed a green ugly thing
  8849 | D:11     | Killed a green ugly thing
  8885 | D:11     | Noticed a hill giant
  8891 | D:11     | Killed a hill giant
  8891 | D:11     | Reached XP level 11. HP: 56/94 MP: 15/15
  8950 | D:11     | Found a staircase to the Lair.
  9343 | D:11     | Found a staircase to the Orcish Mines.
  9362 | D:11     | Noticed a cyan ugly thing
  9373 | D:11     | Killed a cyan ugly thing
  9438 | D:11     | Noticed a white ugly thing
  9444 | D:11     | Killed a white ugly thing
  9450 | D:11     | Gained mutation: You are robust (+10% HP). [mutagenic meat]
  9451 | D:11     | Gained mutation: You are very agile. (Dex +4) [mutagenic meat]
  9452 | D:11     | Gained mutation: Potions and wands are less effective at restoring your health. [mutagenic meat]
  9688 | Orc:1    | Entered Level 1 of the Orcish Mines
  9715 | Orc:1    | Found a dark tunnel.
  9731 | Volcano  | Entered a volcano
  9746 | Volcano  | Noticed a deep elf knight
  9756 | Volcano  | Killed a deep elf knight
  9865 | Volcano  | Reached skill level 5 in Fighting
 10639 | Orc:1    | Noticed Psyche
 10641 | Orc:1    | Killed Psyche
 10837 | Orc:3    | Noticed Snorg
 10845 | Orc:3    | Killed Snorg
 11614 | Orc:1    | Noticed Erolcha
 11618 | Orc:1    | Reached XP level 12. HP: 108/130 MP: 16/16
 11618 | Orc:1    | Killed Erolcha
 11692 | Orc:1    | Noticed Urug
 11703 | Orc:1    | Killed Urug
 11706 | Orc:1    | Reached skill level 11 in Unarmed Combat
 11841 | Orc:1    | Found a roughly hewn altar of Beogh.
 12013 | Orc:3    | Found Cyaxtupt's Magic Scroll Emporium.
 12021 | Orc:3    | Bought a scroll of teleportation for 45 gold pieces
 12021 | Orc:3    | Bought a scroll of blinking for 112 gold pieces
 12021 | Orc:3    | Bought a scroll of magic mapping for 52 gold pieces
 12021 | Orc:3    | Bought 2 scrolls of identify for 60 gold pieces
 12021 | Orc:3    | Bought a scroll of identify for 30 gold pieces
 12021 | Orc:3    | Bought a scroll of fear for 52 gold pieces
 12042 | Orc:4    | Entered Level 4 of the Orcish Mines
 12080 | Orc:4    | Found a staircase to the Elven Halls.
 12092 | Orc:4    | Found a frozen archway.
 12153 | Orc:4    | Reached skill level 12 in Unarmed Combat
 12223 | Orc:4    | Hit by a large rock thrown by a cyclops

Action                   |  1- 3 |  4- 6 |  7- 9 | 10-12 || total
-------------------------+-------+-------+-------+-------++-------
Melee: Unarmed           |    92 |   197 |   442 |   657 ||  1388
       Falchion          |       |       |       |    12 ||    12
Throw: Stone             |       |       |       |     3 ||     3
       Large rock        |       |       |       |    11 ||    11
Invok: Slouch            |       |       |       |    10 ||    10
Evoke: Wand              |       |       |       |     6 ||     6
  Use: Potion            |       |     1 |       |     3 ||     4
       Scroll            |       |     7 |     1 |    14 ||    22
 Stab: Sleeping          |     2 |       |     5 |     1 ||     8
       Distracted        |       |       |       |     1 ||     1
  Eat: Chunk             |    16 |    18 |    31 |    37 ||   102
